 Dungeon Crawl Stone Soup version 0.24.0-1-gfbc8707122 (webtiles) character file.

Game seed: 15070136100922057118, levelgen mode: deterministic

854 xight the Magician (level 7, -2/36 HPs)
             Began as a Deep Elf Fire Elementalist on Oct 27, 2019.
             Was an Initiate of Vehumet.
             Slain by a centaur (8 damage)
             ... on level 6 of the Dungeon.
             The game lasted 00:23:27 (7201 turns).

xight the Magician (Deep Elf Fire Elementalist)     Turns: 7201, Time: 00:23:27

Health: -2/36      AC:  5    Str:  5    XL:     7   Next: 70%
Magic:  8/18       EV: 14    Int: 22    God:    Vehumet [......]
Gold:   136        SH:  0    Dex: 15    Spells: 1/19 levels left

rFire    . . .     SeeInvis .   (no weapon)
rCold    . . .     Gourm    .   (no shield)
rNeg     . . .     Faith    .   a - +0 robe
rPois    .         Spirit   .   r - +2 helmet
rElec    .         Reflect  .   (no cloak)
rCorr    .         Harm     .   (no gloves)
MR       .....                  (no boots)
Stlth    +++.......             x - amulet of magic regeneration
HPRegen  0.12/turn              (no ring)
MPRegen  0.41/turn              (no ring)

@: lightly drained
A: no striking features
a: Renounce Religion


You were on level 6 of the Dungeon.
You worshipped Vehumet.
Vehumet was noncommittal.
You were not hungry.

You visited 2 branches of the dungeon, and saw 7 of its levels.

You collected 275 gold pieces.
You spent 139 gold pieces at shops.

Inventory:

Missiles
 w - a throwing net (quivered)
Armour
 a - a +0 robe (worn)
 j - the +2 cloak "Cydghis" {rC+ Str+4 Int-3 SInv, unknown}
   (You found it on level 6 of the Dungeon)

   It affects your strength (+4).
   It affects your intelligence (-3).
   It protects you from cold.
   It lets you see invisible.
 r - a +2 helmet (worn)
Jewellery
 t - an uncursed amulet of harm
 x - an amulet of magic regeneration (around neck)
Wands
 C - a wand of random effects (18)
Scrolls
 d - a scroll of remove curse
 f - 2 scrolls of teleportation
 h - 2 scrolls of fear
 k - a scroll of magic mapping
 m - a scroll of amnesia
 o - 2 scrolls of enchant armour
 p - a scroll of fog
 v - a scroll of identify
Potions
 b - a potion of resistance
 e - a potion of cancellation
 g - 2 potions of invisibility {unknown}
 i - a potion of flight
 l - a potion of curing
 n - a potion of ambrosia
 q - a potion of agility {unknown}
 s - a potion of haste {unknown}
 u - 2 potions of mutation {unknown}
 z - a potion of degeneration {unknown}
 B - 2 potions of brilliance {unknown}
Comestibles
 c - 7 rations


   Skills:
 + Level 4.2(3.9) Dodging
 + Level 4.6(4.2) Stealth
 * Level 6.6(6.2) Spellcasting
 * Level 4.8(4.4) Conjurations
 * Level 5.7(5.3) Fire Magic


You had one spell level left.
You knew the following spells:

 Your Spells              Type           Power        Failure   Level  Hunger
a - Flame Tongue          Conj/Fire      ####.        1%          1    None
b - Throw Flame           Conj/Fire      ####..       1%          2    None
c - Conjure Flame         Conj/Fire      ####....     3%          3    #......
d - Sticky Flame          Conj/Fire      ####....     12%         4    ###....
e - Fireball              Conj/Fire      ####......   32%         5    #####..
g - Inner Flame           Hex/Fire       ###.....     9%          3    #......

Your spell library contained the following spells:

 Spells                   Type           Power        Failure   Level  Hunger
 Animate Skeleton         Necr           N/A          9%          1    None
 Pain                     Necr           #...         9%          1    None
 Regeneration             Chrm/Necr      #.........   26%         3    #......
 Vampiric Draining        Necr           #.........   26%         3    #......
 Animate Dead             Necr           N/A          65%         4    ###....


Dungeon Overview and Level Annotations

Branches:
Dungeon (6/15)             Temple (1/1) D:5

Altars:
Ashenzari
Cheibriados
Dithmenos
Elyvilon
Fedhas
Gozag
Hepliaklqana
Kikubaaqudgha
Makhleb
Nemelex Xobeh
Qazlal
Ru
Sif Muna
Trog
Uskayaw
Vehumet
Wu Jian
Xom
Yredelemnul
Zin
The Shining One

Shops:
D:4 *


Message History

Confirm with . or Enter, or press ? or * to list all spells.
Aiming: Flame Tongue (safe; 1% risk of failure)
Press: ? - help, Shift-Dir - straight line, f/p - centaur
Aim: a centaur (heavily wounded, covered in liquid flames)
The flame tongue hits the centaur.
The centaur is heavily wounded.
The centaur burns!
The centaur hits you!
* * * LOW HITPOINT WARNING * * *
Unknown command.
Okay, then.
Okay, then.
Casting: Flame Tongue (safe; 1% risk of failure)
Confirm with . or Enter, or press ? or * to list all spells.
Aiming: Flame Tongue (safe; 1% risk of failure)
Press: ? - help, Shift-Dir - straight line, f/p - centaur
Aim: a centaur (severely wounded, covered in liquid flames)
The flame tongue hits the centaur.
The centaur is severely wounded.
The centaur burns!
The centaur stops burning.
The centaur hits you!
You die...

##.c........#########..#
##..........####### #...
..................###.##
##.......:#######.#.....
#....#(### #.#.#.##
#....#.# #.#.#..<
.########†# #.#.#.#.
........#.#######
#.#.#...
...(....(@c......
#.#.#.##
.................
#...#.#.
.........†.......
##......
.................
#..#.#.
........(........ ##.#.#
.$######......... ....#
.. .........? ....#
#......... .....# ###..#


You could see a centaur.

Vanquished Creatures
  A phantom (D:6)
  An ogre (D:4)
  A centaur (D:5)
  3 howler monkeys
  4 hounds
  A bullfrog zombie (D:6)
  An orc wizard (D:4)
  5 worker ants
  4 adders (D:2)
  2 oozes
  An adder zombie (D:5)
  5 worms
  3 dart slugs (D:1)
  4 leopard geckos
  9 orcs
  11 giant cockroaches
  6 goblins
  13 hobgoblins
  19 jackals
  A ball python (D:1)
  6 bats
  6 frilled lizards
  7 kobolds
  5 rats
119 creatures vanquished.

Notes
Turn   | Place    | Note
-------+----------+-------------------------------------------
     0 | D:1      | xight the Deep Elf Fire Elementalist began the quest for
                  | the Orb.
     0 | D:1      | Reached XP level 1. HP: 10/10 MP: 6/6
   134 | D:1      | Reached XP level 2. HP: 15/15 MP: 1/8
   194 | D:1      | Learned a level 2 spell: Throw Flame
   643 | D:1      | Reached XP level 3. HP: 19/19 MP: 2/10
   728 | D:1      | Learned a level 3 spell: Conjure Flame
   732 | D:1      | Learned a level 3 spell: Inner Flame
   762 | D:1      | Found a snail-covered altar of Cheibriados.
  1258 | D:2      | Reached skill level 4 in Spellcasting
  1312 | D:2      | Reached XP level 4. HP: 24/24 MP: 6/12
  3365 | D:3      | Reached XP level 5. HP: 19/28 MP: 3/13
  4312 | D:4      | Reached skill level 5 in Spellcasting
  4492 | D:4      | Reached XP level 6. HP: 19/32 MP: 5/15
  4498 | D:4      | Learned a level 4 spell: Sticky Flame
  4856 | D:4      | Found Woacor's Assorted Antiques.
  4859 | D:4      | Bought a scroll labeled SOER QAYCESTOR for 29 gold pieces
  4859 | D:4      | Bought a scroll labeled KURRUTHR SEEMAP for 29 gold pieces
  4859 | D:4      | Bought an emerald potion for 26 gold pieces
  4859 | D:4      | Bought a scroll labeled APIUQE BOOJUKK for 29 gold pieces
  4859 | D:4      | Bought a fizzy orange potion for 26 gold pieces
  4897 | D:4      | Found a glowing golden altar of the Shining One.
  5570 | D:4      | Reached skill level 5 in Fire Magic
  5858 | D:4      | Reached XP level 7. HP: 36/36 MP: 10/17
  5990 | D:5      | Entered Level 5 of the Dungeon
  6347 | D:5      | Reached skill level 6 in Spellcasting
  6526 | D:5      | Found a staircase to the Ecumenical Temple.
  6540 | Temple   | Entered the Ecumenical Temple
  6646 | Temple   | Became a worshipper of Vehumet
  6934 | D:5      | Learned a level 5 spell: Fireball
  7143 | D:6      | Got an ancient cloak
  7201 | D:6      | Slain by a centaur

Levels and vault maps discovered:
D:1:      lightli_arrival_farm, layout_rooms, cheibriados_altar_1
D:2:      layout_rooms, serial_forest, infiniplex_forest_lined_ring,
          infiniplex_forest_3_way, infiniplex_forest_straight_5,
          infiniplex_forest_clump_tiny, infiniplex_forest_pool,
          infiniplex_forest_lined_corner, infiniplex_forest_end_double
D:3:      layout_loops_corners
D:4:      layout_loops_ring, serial_shops, shop, tso_metal_star
D:5:      layout_gridville, minmay_temple_entry_mini_moons, first_ration
D:6:      layout_basic
Temple:   kilobyte_greek_temple

Skill      XL: |  1  2  3  4  5  6  7 |
---------------+----------------------+-----
Conjurations   | 2 3 4 |  4.8
Stealth        | 3 4 |  4.6
Spellcasting   | 4 5 6 |  6.6
Dodging        | 3 4 |  4.2
Fire Magic     | 4 5 |  5.7

Action                   |  1- 3 |  4- 6 |  7- 9 || total
-------------------------+-------+-------+-------++-------
Melee: Unarmed           |       |     1 |       ||     1
Throw: Throwing net      |       |     3 |       ||     3
 Cast: Flame Tongue      |    21 |    94 |    38 ||   153
       Throw Flame       |    32 |    62 |     9 ||   103
       Conjure Flame     |       |     7 |     3 ||    10
       Sticky Flame      |       |     4 |     6 ||    10
       Inner Flame       |       |     2 |       ||     2
  Use: Scroll            |       |       |    15 ||    15
  Eat: Chunk             |     2 |    15 |     5 ||    22
Armor: Robe              |     1 |     2 |     3 ||     6
Dodge: Dodged            |     8 |    18 |    13 ||    39
